 Dungeon Crawl Stone Soup version 0.31-a0-931-g7b59d4eb97 (webtiles) character file.

Game seed: 3440692515906878332

1087 faabiopontes the Ducker (level 8, -7/111 HPs)
             Began as a Troll Artificer on Oct 19, 2023.
             Was an Initiate of Qazlal.
             Mangled by an ogre
             ... wielding a +0 giant club
              (15 damage)
             ... on level 6 of the Dungeon.
             The game lasted 00:42:46 (3091 turns).

faabiopontes the Ducker (Troll Artificer)           Turns: 3091, Time: 00:42:47

Health: -7/111     AC: 24    Str: 23    XL:     8   Next: 9%
Magic:  7/7        EV:  1    Int: 12    God:    Qazlal [......]
Gold:   181        SH:  8    Dex: 10    Spells: 7/7 levels left

rFire   + . .        r - +5 hand axe of Foatasewk {flame, rF+ Will+ Int+5}
rCold   . . .        q - +0 kite shield
rNeg    . . .        b - melded +0 robe
rPois   +            H - melded +2 hat
rElec   .            (cloak currently unavailable)
rCorr   .            (gloves unavailable)
SInv    +            (boots unavailable)
Will    +....        (no amulet)
Stlth   +            n - ring of see invisible
HPRegen 1.18/turn    (no ring)
MPRegen 0.10/turn

%: no passive effects
@: tree-form
A: stationary, stasis, torment immunity, boosted hp, large, unfitting armour,
(claws 3), regeneration 1, (shaggy fur 1), (tough skin 1)
a: Renounce Religion


You were on level 6 of the Dungeon.
You worshipped Qazlal.
Qazlal was noncommittal.
You were a tree.
You visited 1 branch of the dungeon, and saw 6 of its levels.

You collected 181 gold pieces.

Inventory:

Hand Weapons
 a - a +0 club
 g - a +0 dagger
 i - a +0 short sword
 k - a +0 dagger
 p - a +0 club
 r - the +5 hand axe of Foatasewk (weapon) {flame, rF+ Will+ Int+5}
   (You found it on level 2 of the Dungeon)

   Int+5:     It affects your intelligence (+5).
   rF+:       It protects you from fire.
   Will+:     It increases your willpower.
 s - a +0 dagger
 t - a +0 short sword
 w - a +0 orcbow
 z - a +0 spear
 E - a +0 morningstar
 L - a +0 flail
 M - a +0 flail
 O - a +0 sling
 P - a +0 falchion
 Q - a +0 war axe
 R - a +0 giant spiked club
 T - a +0 trident
 U - a +3 heavy mace
Missiles
 j - 7 boomerangs
 l - 6 poisoned darts
 o - 32 stones
Armour
 b - a +0 robe (melded)
 f - a +0 chain mail
 q - a +0 kite shield (worn)
 y - a +0 helmet
 B - a +0 ring mail
 C - a +0 helmet
 F - a +0 leather armour
 H - a +2 hat (melded)
Jewellery
 n - a ring of see invisible (left branch)
 V - a ring of resist corrosion
Talismans
 K - a flux talisman
Wands
 c - a wand of flame (15) (quivered)
 d - a wand of charming (15)
 e - a wand of iceblast (5)
Scrolls
 h - 2 scrolls of teleportation
 A - a scroll of identify {unknown}
 I - 2 scrolls of noise {unknown}
 N - a scroll of vulnerability {unknown}
 S - a scroll of fog {unknown}
Potions
 m - a potion of lignification
 u - a potion of magic {unknown}
 v - a potion of might {unknown}
 x - a potion of degeneration {unknown}
 D - a potion of berserk rage {unknown}
 G - a potion of cancellation {unknown}
 J - a potion of heal wounds {unknown}


   Skills:
 + Level 2.6 Fighting
 + Level 1.7 Short Blades
 + Level 3.6(3.7) Axes
 + Level 1.1(2.8) Maces & Flails
 + Level 4.5 Dodging
 + Level 1.2 Stealth
 + Level 3.0 Shields
 + Level 2.7 Evocations


You had 7 spell levels left.
You didn't know any spells.
Your spell library contained the following spells:

 Spells                   Type           Power      Damage    Failure   Level
 Ensorcelled Hibernation  Hex/Ice        0%         N/A       73%         2
 Passwall                 Tmut/Erth      0%         N/A       73%         2
 Swiftness                Air            0%         N/A       91%         3


Dungeon Overview and Level Annotations

Branches:
Dungeon (6/15)
 Temple: D:4-7

Altars:
Makhleb
Qazlal
Ru
Uskayaw


Innate Abilities, Weirdness & Mutations

You are a tree.
Your roots penetrate the ground, keeping you stationary.
You cannot be teleported.
You are immune to unholy pain and torment.
Your maximum health is greatly increased.
Your equipment is partially melded.
You are too large for most types of armour.
((You have claws for hands.))
Your natural rate of healing is unusually fast.
((You are covered in fur. (AC +1)))
((You have tough skin. (AC +1)))


Message History

You kill the orc wizard!
Qazlal accepts your kill.
An ogre comes into view. It is wielding a +0 giant club.
Your Shields skill increases to level 3!
The ogre shouts!
You slash the sky beast! You burn the sky beast.
The sky beast is severely wounded.
You hear a bark!
You hear an angry growl.
The sky beast hits you. The sky beast shocks you.
Unknown command.
You hit the sky beast. You burn the sky beast.
The sky beast is almost dead.
The sky beast closely misses you. You block the ogre's attack.
You block the sky beast's attack.
You barely miss the sky beast.
The sky beast is almost dead.
You slash the ogre! You burn the ogre.
A hound comes into view.
The sky beast hits you but does no damage.
Unknown command.
You closely miss the sky beast.
The sky beast is almost dead.
You hit the ogre. You burn the ogre.
The ogre hits you with a +0 giant club!!
The sky beast hits you but does no damage.
You hit the sky beast. You burn the sky beast.
The sky beast is almost dead.
You slash the ogre! You burn the ogre.
The ogre hits you with a +0 giant club!!
* * * LOW HITPOINT WARNING * * *
The sky beast hits you.
* * * LOW HITPOINT WARNING * * *
The sky beast shocks you.
* * * LOW HITPOINT WARNING * * *
It was a potion of lignification.
You turn into a tree.
Your +2 hat melds into your body.
Your +0 robe melds into your body.
Your roots penetrate the ground.
The sky beast hits you but does no damage.
The ogre hits you with a +0 giant club!
You die...

#. ... ###. #.#
. ...# #.# # .
... #.# #.#.
#.##.#
....##..h.# #
#.....O)###....
#....♣Y......
##..#####...>
##.# # #.# #.#
########.#
#........#
#.#'#.#### .o
#.#.#


You could see a sky beast, an ogre and a hound.

Vanquished Creatures
  A water moccasin (D:4)
  A black bear (D:4)
  2 ogres
  A centaur (D:3)
  Blork the orc (D:4)
  A scorpion (D:5)
  2 hounds (D:4)
  A sleepcap (D:5)
  Terence (D:2)
  3 iguanas
  4 orc wizards
  4 gnolls (D:4)
  9 adders
  2 ufetubi (D:5)
  2 dart slugs (D:1)
  12 orcs
  11 bats
  4 endoplasms
  2 giant cockroaches
  4 goblins
  7 hobgoblins
  10 jackals
  8 kobolds
  2 quokkas
  3 ball pythons
  5 frilled lizards
  7 rats
110 creatures vanquished.

Notes
Turn   | Place    | Note
-------+----------+-------------------------------------------
     0 | D:1      | faabiopontes the Troll Artificer began the quest for the
                  | Orb.
     0 | D:1      | Reached XP level 1. HP: 18/18 MP: 0/0
   120 | D:1      | Found a faded altar of an unknown god.
   127 | D:1      | Reached skill level 2 in Dodging
   166 | D:1      | Reached XP level 2. HP: 26/26 MP: 1/1
   381 | D:1      | Reached XP level 3. HP: 29/32 MP: 2/2
   516 | D:2      | Noticed Terence
   557 | D:2      | Killed Terence
   558 | D:2      | Reached skill level 1 in Fighting
   585 | D:2      | Reached skill level 1 in Maces & Flails
   585 | D:2      | Reached XP level 4. HP: 41/41 MP: 3/3
   652 | D:2      | Identified the +5 hand axe of Foatasewk {flame, rF+ Will+
                  | Int+5}
   824 | D:3      | Noticed a centaur
   836 | D:3      | Killed a centaur
   837 | D:3      | Reached skill level 1 in Short Blades
   837 | D:3      | Reached skill level 3 in Dodging
   837 | D:3      | Reached XP level 5. HP: 11/48 MP: 4/4
  1028 | D:3      | You fall into a shaft and drop 1 floor!
  1034 | D:4      | Noticed a black bear
  1035 | D:4      | Noticed an ogre
  1135 | D:4      | Noticed a water moccasin
  1141 | D:4      | Killed a water moccasin
  1142 | D:4      | Reached skill level 1 in Axes
  1142 | D:4      | Reached XP level 6. HP: 47/57 MP: 5/5
  1200 | D:4      | Reached skill level 1 in Shields
  2368 | D:4      | Reached skill level 4 in Dodging
  2368 | D:4      | Reached skill level 1 in Stealth
  2368 | D:4      | Reached XP level 7. HP: 65/65 MP: 6/6
  2466 | D:4      | Found a stormy altar of Qazlal.
  2508 | D:4      | Became a worshipper of Qazlal Stormbringer
  2570 | D:4      | Found a burning altar of Makhleb.
  2570 | D:4      | Noticed Blork the orc
  2578 | D:4      | Killed Blork the orc
  2616 | D:5      | Entered Level 5 of the Dungeon
  2819 | D:5      | Found a sacrificial altar of Ru.
  2986 | D:5      | Reached XP level 8. HP: 68/74 MP: 7/7
  3047 | D:6      | Found a hide-covered altar of Uskayaw.
  3091 | D:6      | Mangled by an ogre

Illustrated notes

Levels and vault maps discovered:
D:1:      lightli_arrival_isolated_outpost, layout_basic,
          chequers_ecumenical_altar_simple_redux, minmay_close_crescents
D:2:      layout_basic, uniq_terence
D:3:      layout_basic, grunt_temple_overflow_opulence, serial_glass,
          glass_columns_a, glass_columns_c, glass_columns_c, glass_columns_c,
          glass_columns_b, glass_columns_a
D:4:      layout_loops_corners, mainiacjoe_overflow_chevrons,
          lightli_temple_of_fire, uniq_blork_the_orc
D:5:      lemuel_ratsnest, layout_loops_ring,
          nicolae_ru_great_annihilating_truth
D:6:      layout_loops_cross, mainiacjoe_overflow_surrounded_room,
          gammafunk_ghost_grave, corexii_item_surrounded_by_moat

Skill      XL: |  1  2  3  4  5  6  7  8 |
---------------+-------------------------+-----
Dodging        | 2 3 4 |  4.5
Fighting       | 1 2 |  2.6
Maces & Flails | 1 |  1.1
Short Blades   | 1 |  1.7
Axes           | 1 2 3 |  3.6
Shields        | 1 2 3 |  3.0
Stealth        | 1 |  1.2
Evocations     | |  2.7

Action                     |  1- 3 |  4- 6 |  7- 9 || total
---------------------------+-------+-------+-------++-------
  Melee: Club              |    50 |       |       ||    50
         Short sword       |   106 |    15 |       ||   121
         Punch             |     3 |       |       ||     3
         Hand axe          |       |    91 |    72 ||   163
    Use: Scroll            |       |     2 |       ||     2
         Potion            |       |       |     1 ||     1
   Stab: Paralysed         |       |       |     2 ||     2
 Armour: Robe              |   148 |   143 |    70 ||   361
         Skin              |       |       |     2 ||     2
  Dodge: Dodged            |   133 |    90 |    45 ||   268
  Block: Kite shield       |       |    58 |    53 ||   111

Table legend: (Time is in decaauts)
 A = Elapsed time spent in this place.
 B = Non-inter-level travel time spent in this place.
 C = Inter-level travel time spent in this place.
 D = Time resting spent in this place.
 E = Time spent auto-exploring this place.
 F = Levels seen in this place.
 G = Mean time per level.
                   A        B        C        D        E       F      G
               +--------+--------+--------+--------+--------+-----+--------+
         Total |   3155 |   3013 |    142 |      0 |      0 |   6 |  525.8 |
       Dungeon |   3155 |   3013 |    142 |      0 |      0 |   6 |  525.8 |
               +--------+--------+--------+--------+--------+-----+--------+

Top non-repeatable levels by time:
     D:1: 799 daAuts
     D:4: 741 daAuts
     D:2: 642 daAuts
     D:3: 481 daAuts
     D:5: 422 daAuts
     D:6: 67 daAuts
